 Dungeon Crawl Stone Soup version 0.27-a0-686-gaed091b46b (webtiles) character file.

Game seed: 16560844713399560228

3 sahdkjhfkaj the Skirmisher (level 1, 0/22 HPs)
             Began as a Draconian Wanderer on Mar 20, 2021.
             Slain by a kobold
             ... wielding a +0 dagger
              (2 damage)
             ... on level 1 of the Dungeon.
             The game lasted 00:00:15 (215 turns).

sahdkjhfkaj the Skirmisher (Draconian Wanderer)      Turns: 215, Time: 00:00:16

Health: 0/22       AC:  4    Str: 14    XL:     1   Next: 41%
Magic:  1/1        EV:  8    Int: 11    God:
Gold:   15         SH:  8    Dex: 11    Spells: 0/0 levels left

rFire    . . .     SeeInvis .   a - +0 mace
rCold    . . .     Faith    .   b - +0 kite shield
rNeg     . . .     Spirit   .   (armour unavailable)
rPois    .         Reflect  .   (helmet restricted)
rElec    .         Harm     .   (no cloak)
rCorr    .         Rampage  .   (no gloves)
Will     .....                  (no boots)
Stlth    +.........             (no amulet)
HPRegen  0.07/turn              (no ring)
MPRegen  0.07/turn              (no ring)

@: no status effects
A: AC +4, unfitting armour, cold-blooded
a: no special abilities


You were on level 1 of the Dungeon.
You visited 1 branch of the dungeon, and saw 1 of its levels.

You collected 15 gold pieces.

Inventory:

Hand Weapons
 a - a +0 mace (weapon)
Armour
 b - a +0 kite shield (worn)
Scrolls
 e - a scroll of random uselessness {unknown}
Potions
 c - a potion of curing
 d - a potion of haste {unknown}


   Skills:
 - Level 4.5 Fighting
 - Level 4.0 Maces & Flails
 + Level 2.1 Shields


You couldn't memorise any spells.
You didn't know any spells.
Your spell library was empty.

Dungeon Overview and Level Annotations

Branches:
Dungeon (1/15)

Altars:


Innate Abilities, Weirdness & Mutations

Your plain brown scales are hard. (AC +4)
You cannot fit into any form of body armour.
You are cold-blooded and may be slowed by cold attacks.


Message History

A kobold is nearby!
A kobold is nearby!
A bat comes into view.
The kobold shouts!
The kobold throws a stone.
The stone hits you. You block the bat's attack.
There is an open door here.
You closely miss the bat. You tail-slap the bat.
You kill the bat!
The kobold throws a stone.
The stone hits you.
Found a stone staircase leading down.
The kobold throws a stone.
The stone closely misses you.
Found 23 arrows.
You block the kobold's attack.
You hit the kobold but do no damage. You block the kobold's attack.
You barely miss the kobold.
You tail-slap the kobold, but do no damage.
The kobold hits you but does no damage. The kobold hits you with a +0 dagger.
You barely miss the kobold. You block the kobold's attack.
You hit the kobold.
The kobold is heavily wounded.
The kobold hits you with a +0 dagger. x2
You are too injured to fight recklessly!
You are too injured to fight recklessly!
You closely miss the kobold.
Your tail-slap misses the kobold.
The kobold is heavily wounded.
The kobold barely misses you.
You closely miss the kobold.
The kobold is heavily wounded.
The kobold barely misses you. You block the kobold's attack.
Unknown command.
You miss the kobold.
The kobold is moderately wounded.
The kobold hits you with a +0 dagger.
* * * LOW HITPOINT WARNING * * *
Unknown command.
Unknown command.
You hit the kobold.
The kobold is heavily wounded.
The kobold hits you with a +0 dagger.
You die...

#####.##### #.........#
#.###.###.# #.###.# #.#
#+## ##.##..# #.#
##...## #......#
#)###.....##
#..##..###.##.......##
###..##...##.#†......>(#
.............'..@K.....+
###..........#.........#
#.##.#.######.......##
#......# ##.....##
####.### ##...## ### # #
#+## ... ≈≈≈ ≈≈≈


You could see a kobold.

Vanquished Creatures
  A bat (D:1)
  A hobgoblin (D:1)
  A goblin (D:1)
3 creatures vanquished.

Notes
Turn   | Place    | Note
-------+----------+-------------------------------------------
     0 | D:1      | sahdkjhfkaj the Draconian Wanderer began the quest for the
                  | Orb.
     0 | D:1      | sahdkjhfkaj set off with the following items: a +0 mace, a
                  | +0 kite shield, a potion of curing
     0 | D:1      | Reached XP level 1. HP: 22/22 MP: 1/1
   215 | D:1      | Slain by a kobold

Illustrated notes

Levels and vault maps discovered:
D:1:      giann_bridges, layout_loops_corners

Action                   || total
-------------------------++-------
Melee: Mace              ||    13
       Tailslap          ||     3
Armor: Skin              ||     3
Dodge: Dodged            ||     4
Block: Kite shield       ||     5

Table legend: (Time is in decaauts)
 A = Elapsed time spent in this place.
 B = Non-inter-level travel time spent in this place.
 C = Inter-level travel time spent in this place.
 D = Time resting spent in this place.
 E = Time spent auto-exploring this place.
 F = Levels seen in this place.
 G = Mean time per level.
                   A        B        C        D        E       F      G
               +--------+--------+--------+--------+--------+-----+--------+
         Total |    220 |    220 |      0 |      0 |    190 |   1 |  220.0 |
       Dungeon |    220 |    220 |      0 |      0 |    190 |   1 |  220.0 |
               +--------+--------+--------+--------+--------+-----+--------+

Top non-repeatable levels by time:
     D:1: 220 daAuts
